AoeStats
← zack

Black Forest

512925997Analyzed
2v2 RM · 4d ago on Oct 11, 2026· 56m 39s· 4 players
Game mode
Random Map
Map size
Medium (4 player)
Population
200
Speed
Normal
Resources
Standard
Victory
Conquest
Starting age
Dark Age
Ending age
Imperial Age
RankedLock teamsTeams togetherTeam positionsShared explorationLock speedFull tech treeHidden civsTurbo modeCheats
Victory
Defeat
🇨🇳 Gurjaras · China
1098
+16
🇨🇳 Khmer · China
1083
+16
vs
🇲🇲 Mongols · Myanmar (Burma)
1094
-16
🇧🇷 Japanese · Brazil
1092
-16
zack
3:29 Loom
15:25 Feudal Age
15:57 Double-Bit Axe
20:08 Castle Age
19:42 Double-Bit Axe
32:42 Fervor
35:43 Horse Collar
36:16 Bow Saw
36:12 Gold Mining
36:13 Stone Mining
37:36 Bloodlines
38:11 Treadmill Crane
39:05 Husbandry
40:15 Gold Shaft Mining
39:42 Heavy Plow
40:36 Forging
40:34 Scale Barding Armor
43:55 Imperial Age
42:07 Wheelbarrow
41:19 Town Watch
42:36 Iron Casting
44:29 Chain Barding Armor
45:28 Conscription
45:13 Elite Shrivamsha Rider
48:43 Heavy Camel Rider
52:34 Plate Barding Armor
53:29 Kshatriyas
54:56 Light Cavalry
Longlonglong
7:04 Loom
14:13 Feudal Age
18:21 Castle Age
19:42 Double-Bit Axe
31:45 Bow Saw
32:38 Wheelbarrow
32:07 Stone Mining
33:01 Gold Mining
34:11 Stone Shaft Mining
34:26 Elite Skirmisher
38:06 Imperial Age
35:54 Hand Cart
38:08 Onager
39:27 Scale Barding Armor
39:32 Forging
39:28 Padded Archer Armor
38:59 Elite Ballista Elephant
39:41 Double Crossbow
42:13 Conscription
43:50 Chemistry
42:56 Siege Engineers
43:11 Ballistics
50:31 Husbandry
50:41 Bloodlines
49:52 Light Cavalry
53:48 Light Cavalry
55:22 Hussar
f.bdz
0:54 Loom
17:11 Feudal Age
17:43 Man-at-Arms
18:37 Arson
22:16 Horse Collar
22:25 Double-Bit Axe
30:58 Castle Age
31:18 Forging
31:09 Scale Mail Armor
33:30 Chain Mail Armor
47:04 Imperial Age
44:58 Town Watch
47:21 Elite Skirmisher
49:01 Parthian Tactics
49:05 Fletching
49:15 Padded Archer Armor
50:03 Onager
hactor
1:36 Loom
11:51 Feudal Age
12:34 Double-Bit Axe
13:03 Horse Collar
18:35 Castle Age
16:46 Gold Mining
17:43 Bloodlines
18:21 Scale Barding Armor
18:09 Stone Mining
19:39 Bow Saw
20:08 Heavy Plow
21:39 Fletching
23:11 Bodkin Arrow
24:01 Husbandry
26:17 Wheelbarrow
25:37 Town Watch
27:06 Stone Shaft Mining
27:30 Town Patrol
28:51 Gold Shaft Mining
29:58 Hand Cart
31:00 Chain Barding Armor
33:16 Imperial Age
32:35 Light Cavalry
33:21 Elite Mangudai
35:12 Chemistry
34:12 Hussar
35:06 Onager
37:46 Drill
37:27 Nomads
37:48 Conscription
39:11 Siege Onager
40:40 Padded Archer Armor
40:40 Bracer
48:20 Ballistics
56:13 Murder Holes
Connection lost

Rejoining the realm…

Still unreachable

The connection could not be restored.

Session expired

The server has moved on; the page needs a fresh start.